 Dungeon Crawl Stone Soup version 0.31-a0-198-g2ad674f65e (webtiles) character file.

Game seed: 12897289596961941833

71 qw the Shooter (level 4, -1/25 HPs)
             Began as a Deep Elf Hunter on June 25, 2023.
             Slain by Terence
             ... wielding a +5 flail of holy wrath
              (3 damage)
             ... on level 2 of the Dungeon.
             The game lasted 00:00:44 (1308 turns).

qw the Shooter (Deep Elf Hunter)                    Turns: 1308, Time: 00:00:45

Health: -1/25      AC:  5    Str: 10    XL:     4   Next: 5%
Magic:  6/6        EV: 11    Int: 14    God:
Gold:   120        SH:  0    Dex: 18    Spells: 3/3 levels left

rFire   . . .        Y - +0 shortbow
rCold   . . .        (shield currently unavailable)
rNeg    . . .        b - +0 ring mail
rPois   .            (no helmet)
rElec   .            (no cloak)
rCorr   .            (no gloves)
SInv    .            (no boots)
Will    .....        (no amulet)
Stlth   +            (no ring)
HPRegen 0.24/turn    (no ring)
MPRegen 0.10/turn

%: no passive effects
@: about to teleport
A: no striking features
a: no special abilities


You were on level 2 of the Dungeon.
You visited 1 branch of the dungeon, and saw 2 of its levels.

You collected 120 gold pieces.


   Skills:
 - Level 1.5 Fighting
 + Level 7.5 Ranged Weapons
 - Level 2.4 Dodging
 - Level 1.2 Stealth


You had 3 spell levels left.
You didn't know any spells.
Your spell library was empty.

Inventory:

Hand Weapons
 Y - a +0 shortbow (weapon)
Armour
 b - a +0 ring mail (worn)
 d - a +0 helmet
Jewellery
 h - an amulet of guardian spirit
Scrolls
 a - 2 scrolls of teleportation
 c - a scroll of identify
 f - a scroll of fog {unknown}
Potions
 e - a potion of degeneration {unknown}
 g - a potion of curing {unknown}

Dungeon Overview and Level Annotations

Branches:
Dungeon (2/15)

Altars:

Annotations:
D:2 Terence


Message History

f - a scroll labelled WUOTYK UKHLOTOEDU
Found a stone staircase leading down.
There is a stone staircase leading down here.
Found an escape hatch in the floor.
There is an escape hatch in the floor here.
h - an amulet of guardian spirit
Found a stone staircase leading down.
You now have 120 gold pieces (gained 14).
There is a stone staircase leading down here.
A quokka comes into view.
You shoot an arrow. The arrow hits the quokka!
You kill the quokka!
Terence the Incautious comes into view.
He is wielding a +5 flail of holy wrath.
You shoot an arrow.
The arrow hits Terence but does no damage.
You shoot an arrow. The arrow hits Terence.
Terence is lightly wounded.
You shoot an arrow. The arrow hits Terence.
Terence is moderately wounded.
You shoot an arrow. The arrow closely misses Terence.
You shoot an arrow.
The arrow hits Terence but does no damage.
Terence is moderately wounded.
You shoot an arrow. The arrow hits Terence.
Terence is moderately wounded.
Terence hits you with a +5 flail of holy wrath!
You shoot an arrow. The arrow closely misses Terence.
Terence hits you with a +5 flail of holy wrath.
You shoot an arrow.
The arrow hits Terence but does no damage.
Terence is moderately wounded.
Terence hits you with a +5 flail of holy wrath!
1307 ||| READING 3 scrolls of teleportation.
As you read the scroll of teleportation, it crumbles to dust.
You feel strangely unstable.
Terence hits you with a +5 flail of holy wrath.
You shoot an arrow. The arrow hits Terence!
Terence is severely wounded.
Terence hits you with a +5 flail of holy wrath.
You die...

########### #.........#
#.#######.# #.#.##
#.###### #..#.####.......
#.###.......####
#..#.######.####
*#########.#.## #...##
*......@@....# #####.
*.########.#.# #####.
*<*** ###.# ##..[##
*,*,** ##.# ##.....#
*,,*.######..#####..###..
*,**#............##...##%
*,,*.######.###########..
*,*,** #.# ##...##. *,*,*
#.# #..###..


You could see Terence.

Vanquished Creatures
  2 adders (D:2)
  A worm (D:2)
  3 bats (D:2)
  8 endoplasms
  2 giant cockroaches (D:1)
  4 goblins (D:2)
  5 hobgoblins
  5 kobolds
  3 quokkas
  5 ball pythons
  3 frilled lizards
  5 rats
  A spectral kobold (D:1)
47 creatures vanquished.

Notes
Turn   | Place    | Note
-------+----------+-------------------------------------------
     0 | D:1      | qw the Deep Elf Hunter began the quest for the Orb.
     0 | D:1      | Reached XP level 1. HP: 12/12 MP: 3/3
     0 | D:1      | 0 ||| qw: Version: 0.3-a-22-g0ed2b0b
     0 | D:1      | 0 ||| qw: Game counter: 5122
     0 | D:1      | 0 ||| qw: Melee chars always use a shield: true
     0 | D:1      | 0 ||| qw: God list: Okawaru
     0 | D:1      | 0 ||| qw: Allow faded altars: false
     0 | D:1      | 0 ||| qw: Do Orc after clearing Dungeon:15 true
     0 | D:1      | 0 ||| qw: Do second Lair branch before Depths: true
     0 | D:1      | 0 ||| qw: Lair rune preference: random
     0 | D:1      | 0 ||| qw: Goals: Normal
     0 | D:1      | 0 ||| PLANNING D:1-11
    85 | D:1      | Reached XP level 2. HP: 16/16 MP: 4/4
    92 | D:1      | Reached skill level 6 in Ranged Weapons
   151 | D:1      | Found a faded altar of an unknown god.
   306 | D:1      | You fall into a shaft and drop 1 floor!
   311 | D:2      | 311 ||| READING scroll labelled VEAMA VYKHLAPER.
   312 | D:2      | 312 ||| READING scroll labelled SEDEES KETECU.
   313 | D:2      | 313 ||| DROPPING scroll of butterflies.
   690 | D:2      | Reached XP level 3. HP: 20/20 MP: 5/5
   818 | D:2      | 818 ||| UPGRADING to +0 ring mail.
   821 | D:2      | 821 ||| UPGRADING to +0 ring mail.
   831 | D:2      | 831 ||| DROPPING +0 leather armour.
   832 | D:2      | 832 ||| READING 2 scrolls labelled RYGRIK REHEPP.
   837 | D:2      | 837 ||| READING scroll labelled UMIQO JOYNGA.
   838 | D:2      | 838 ||| READING scroll labelled ABBOFA NYONAO.
   846 | D:2      | Reached skill level 7 in Ranged Weapons
   873 | D:2      | 873 ||| FLEEEEING.
   874 | D:2      | 874 ||| FLEEEEING.
   875 | D:2      | 875 ||| FLEEEEING.
   876 | D:2      | 876 ||| FLEEEEING.
   878 | D:2      | 878 ||| FLEEEEING.
   879 | D:2      | 879 ||| FLEEEEING.
   880 | D:2      | 880 ||| FLEEEEING.
   881 | D:2      | 881 ||| FLEEEEING.
   938 | D:2      | 938 ||| READING scroll labelled CYWOVAJOPH.
  1111 | D:2      | Reached XP level 4. HP: 21/25 MP: 6/6
  1113 | D:2      | 1113 ||| FLEEEEING.
  1114 | D:2      | 1114 ||| FLEEEEING.
  1115 | D:2      | 1115 ||| FLEEEEING.
  1116 | D:2      | 1116 ||| FLEEEEING.
  1298 | D:2      | Noticed Terence
  1306 | D:2      | HP: 6/25 [Terence/+5 flail of holy wrath (8)]
  1307 | D:2      | 1307 ||| READING 3 scrolls of teleportation.
  1307 | D:2      | HP: 2/25 [Terence/+5 flail of holy wrath (4)]
  1308 | D:2      | Slain by Terence

Levels and vault maps discovered:
D:1:      grunt_arrival_crossed_arrows, layout_loops_ring,
          dreamdust_ecumenical_altar_drowned_temple
D:2:      layout_loops_ring, minmay_puff, uniq_terence

Skill      XL: |  1  2  3 |
---------------+----------+-----
Ranged Weapons | 6 7 |  7.5
Fighting       | |  1.5
Dodging        | |  2.4
Stealth        | |  1.2

Action                     |  1- 3 |  4- 6 || total
---------------------------+-------+-------++-------
   Fire: Shortbow          |   117 |    13 ||   130
    Use: Scroll            |     6 |     1 ||     7
 Armour: Leather armour    |     2 |       ||     2
         Ring mail         |     8 |       ||     8
  Dodge: Dodged            |    15 |     1 ||    16

Table legend:
 A = Non-vault XP
 B = Vault XP
 C = Vault XP percentage of total XP
 D = Non-vault monster count
 E = Vault monster count
 F = Vault count percentage of total count
                 A         B        C        D         E       F
            +---------+---------+-------+---------+---------+-------
      Total |      77 |      25 |  24.5 |      39 |       8 |  17.0
            +---------+---------+-------+---------+---------+-------
        D:1 |      37 |       1 |   2.6 |      23 |       1 |   4.2
        D:2 |      40 |      24 |  37.5 |      16 |       7 |  30.4
            +---------+---------+-------+---------+---------+-------
